 Dungeon Crawl Stone Soup version 0.22-a0-268-g1cc83ef (webtiles) character file.

82033 Ghella the Fighter (level 15, -1/125 HPs)
             Began as a Pale Draconian Berserker on Mar 9, 2018.
             Was a High Priest of Trog.
             Engulfed by an ice statue's freezing vapour (12 damage)
             ... in an ice cave.
             The game lasted 00:53:41 (32090 turns).

Ghella the Fighter (Pale Draconian Berserker)      Turns: 32090, Time: 00:53:42

Health: -1/125     AC: 13    Str: 31    XL:     15   Next: 28%
Magic:  6/6        EV: 18    Int:  8    God:    Trog [*****.]
Gold:   1379       SH:  0    Dex: 10    Spells: 20/20 levels left

rFire    . . .     SeeInvis .   G - +7 battleaxe (antimagic)
rCold    . . .     Gourm    .   (shield currently unavailable)
rNeg     . . .     Faith    +   (armour unavailable)
rPois    .         Spirit   .   (helmet restricted)
rElec    .         Reflect  .   T - +1 cloak {+Inv}
rCorr    .         Harm     .   E - +0 pair of gloves
MR       ++...                  o - +0 pair of boots
Stlth    ++++......             B - amulet of faith
HPRegen  0.30/turn              i - +5 ring of strength
MPRegen  0.10/turn              k - ring of protection from magic

@: no status effects
A: breathe steam, unfitting armour, horns 2, frail 1, wild magic 1,
cold-blooded, AC +9
a: Breathe Steam, Berserk, Trog's Hand, Brothers in Arms, Renounce Religion,
Evoke Invisibility


You were in an ice cave.
You worshipped Trog.
Trog was extremely pleased with you.
You were not hungry.

You visited 3 branches of the dungeon, and saw 20 of its levels.
You also visited: Ossuary, Bailey and Ice Cave.

You collected 1379 gold pieces.

Inventory:

Hand Weapons
 s - a +2 war axe of electrocution
 G - a +7 antimagic battleaxe (weapon)
 M - a +5 antimagic battleaxe
 R - the +9 trident of Foolhardiness {pierce, rN+ MP+9}
   (You found it on level 9 of the Dungeon)

   It inflicts extra damage upon your enemies.
   It protects you from negative energy.
   It affects your magic capacity (+9).
 S - a +0 demon trident
 X - a +1 battleaxe of chopping
Armour
 o - a +0 pair of boots (worn)
 E - a +0 pair of gloves (worn)
 T - a +1 cloak of invisibility (worn)
Jewellery
 i - a +5 ring of strength (left hand)
 j - an uncursed ring of stealth
 k - a ring of protection from magic (right hand)
 u - a +4 ring of strength
 y - a +4 ring of strength
 B - an amulet of faith (around neck)
 H - an uncursed ring of poison resistance
 J - an uncursed amulet of the acrobat
 V - an uncursed ring of fire
 Z - an uncursed ring of protection from magic
Wands
 r - a wand of digging (21)
 w - a wand of polymorph (10)
 z - a wand of paralysis (12)
 C - a wand of enslavement (14)
 I - a wand of flame (101)
 K - a wand of scattershot (4)
 P - a wand of random effects (116)
 Q - a wand of iceblast (18)
 Y - a wand of acid (10)
Scrolls
 d - 4 scrolls of fog
 e - 10 scrolls of remove curse
 g - 8 scrolls of enchant armour
 h - 9 scrolls of teleportation
 p - a scroll of immolation
 t - 2 scrolls of blinking
 v - 3 scrolls of enchant weapon
 x - 2 scrolls of magic mapping
 A - 6 scrolls of identify
Potions
 a - a potion of berserk rage
 c - 3 potions of lignification
 f - 4 potions of cancellation
 l - a potion of flight
 m - 8 potions of heal wounds
 n - 2 potions of brilliance
 q - 15 potions of curing
 D - 3 potions of ambrosia
 F - a potion of invisibility
 L - a potion of might
 N - 4 potions of magic
 O - 2 potions of haste
 U - a potion of resistance
 W - 2 potions of agility
Comestibles
 b - 14 rations


   Skills:
 * Level 14.9 Fighting
 + Level 13.1(14.1) Axes
 + Level 9.1(12.2) Polearms
 * Level 12.2 Dodging
 + Level 8.0 Stealth
 + Level 3.0 Spellcasting


You had 20 spell levels left.
You didn't know any spells.

Dungeon Overview and Level Annotations

Branches:
Dungeon (13/15)            Temple (1/1) D:6            Lair (6/6) D:10
  Swamp (0/4) Lair:4       Spider (0/4) Lair:4        Slime (0/5) Lair:5
    Orc: D:9-12      Vaults: D:13-14

Altars:
Ashenzari
Cheibriados
Dithmenos
Elyvilon
Fedhas
Gozag
Hepliaklqana
Kikubaaqudgha
Makhleb
Nemelex Xobeh
Okawaru
Qazlal
Ru
Sif Muna
Trog
Uskayaw
Vehumet
Wu Jian
Xom
Yredelemnul
Zin
The Shining One
Jiyva

Shops:
D:4 *   D:6 (   D:7 [}(

Portals:
Hell: Lair:6

Annotations:
D:5 Grinder
Lair:1 exclusion: 2 oklob plants IceCv exclusion: 2 ice statues


Innate Abilities, Weirdness & Mutations

You can breathe blasts of scalding, opaque steam.
Your pale cyan-grey scales are hard. (AC +9)
You cannot fit into any form of body armour.
You are cold-blooded and may be slowed by cold attacks.
You have a pair of horns on your head.
You are frail. (-10% HP)
Your spells are a little harder to cast, but a little more powerful.


Message History

You hit the ice beast.
You are engulfed in freezing vapours.
The ice beast misses you. The ice beast hits you. The ice beast freezes you!
You feel yourself slow down.
You slice the ice statue!!
You destroy the ice statue!
Trog accepts your kill.
The ice beast disappears in a puff of smoke! x2
You are engulfed in freezing vapours.
The ice statue glitters chillingly in the dim dungeon light.
The ice statue gestures.
You are engulfed in freezing vapours.
* * * LOW HITPOINT WARNING * * *
You feel yourself speed up. The ice beast misses you.
The ice beast completely misses you. The ice statue gestures at you. x2
The freezing blast engulfs you!
* * * LOW HITPOINT WARNING * * *
The ice beast closely misses you.
You are engulfed in freezing vapours.
You die...

####### #############
#.....## ##..[.(#.....##
#......###......#..§...##
#.......#.......#§Y§§...#
#.......#......§#§§§§...#
#.∩..∩.........§@§§§§...8
#.......#.....§§#§§.§...#
#.......#.....§.#.......#
#......###......#......##
#.....## ##..[[.#8....##
####### #############


You could see an ice statue and an ice beast.

Vanquished Creatures
  The ghost of Paulus the Cleaver, a journeyman FoAK of Lugonu (D:10)
  2 two-headed ogres
  6 hydras
  Sonja (D:11)
  A sun demon (Lair:6)
  Pikel (D:8)
  A wizard (Lair:6)
  An orb spider (Lair:4)
  4 ugly things
  A manticore (D:12)
  5 elephants (Lair:5)
  Maurice (D:10)
  An ice statue (IceCv)
  5 black mambas
  11 spiny frogs
  An orange demon (Lair:6)
  A centaur skeleton (D:11)
  3 ice devils (Lair:6)
  6 rime drakes
  5 komodo dragons
  A tyrant leech (Lair:4)
  4 trolls
  A polar bear (Lair:4)
  2 hornets
  10 blink frogs
  9 hippogriffs
  2 slime creatures (D:6)
  8 dream sheep
  A meliai zombie (D:11)
  A spriggan (D:7)
  A shadow (D:12)
  A wyvern (Lair:5)
  51 yaks
  The ghost of Slobodan the Ruffian, an amateur VSTm (D:3)
  A wraith (D:12)
  2 hungry ghosts
  4 basilisks
  Grum (D:8)
  2 wargs (D:10)
  An acid dragon (D:11)
  A swamp worm (Lair:3)
  12 water moccasins
  2 hell hounds (Lair:6)
  7 ice beasts
  2 orc warriors
  6 porcupines
  A hornet zombie (D:11)
  2 sky beasts
  3 phantoms
  3 slaves (D:8)
  An eye of draining (D:11)
  A necrophage (D:6)
  11 ogres
  10 wolves
  9 centaurs
  A crocodile (Lair:6)
  An elf zombie (Ossuary)
  13 bullfrogs
  Blork the orc (D:4)
  6 big kobolds
  A wyvern zombie (D:11)
  2 scorpions
  4 killer bees
  8 wights
  An electric eel (Lair:4)
  2 crimson imps
  2 bullfrog zombies (D:12)
  2 quasits
  8 hounds
  7 jellies
  5 orc priests
  6 orc wizards
  Crazy Yiuf (D:2)
  4 iguanas
  Jessica (D:2)
  Terence (D:2)
  6 worker ants
  2 big kobold zombies (Ossuary)
  An ogre zombie (D:12)
  2 hound zombies
  4 mummies (Ossuary)
  Robin (D:2)
  13 gnolls (Bailey)
  3 howler monkey skeletons
  25 adders
  2 shadow imps
  3 oozes (D:6)
  3 worms
  A dart slug (D:1)
  9 leopard geckos
  23 orcs
  5 bats
  5 giant cockroaches
  A gnoll zombie (Ossuary)
  22 goblins
  22 hobgoblins
  26 jackals
  7 quokkas
  4 ball pythons
  3 frilled lizards
  2 goblin skeletons
  A goblin zombie (D:12)
  4 hobgoblin zombies (D:7)
  2 jackal skeletons
  38 kobolds
  A kobold skeleton (D:7)
  3 kobold zombies
  2 leopard gecko skeletons (D:5)
  2 orc skeletons
  7 orc zombies
  A quokka skeleton (D:4)
  A quokka zombie (D:7)
  6 rats
  5 rat zombies
  A fungus (Lair:3)
579 creatures vanquished.

Vanquished Creatures (collateral kills)
  A hellwing (Lair:6)
  A red devil (Lair:6)
  A hippogriff (D:11)
  2 hell hounds (Lair:6)
  A centaur (D:11)
  A jelly (D:11)
  A wight (D:11)
  A centaur zombie (D:11)
9 creatures vanquished.

Vanquished Creatures (others)
  A killer bee (D:10)
  18 fungi
  6 plants
  14 toadstools
39 creatures vanquished.

Grand Total: 627 creatures vanquished

Notes
Turn   | Place    | Note
-------+----------+-------------------------------------------
     0 | D:1      | Ghella the Draconian Berserker began the quest for the Orb.
     0 | D:1      | Reached XP level 1. HP: 19/19 MP: 1/1
   134 | D:1      | Reached XP level 2. HP: 26/26 MP: 2/2
   807 | D:1      | Reached XP level 3. HP: 33/33 MP: 3/3
  1326 | D:2      | Reached skill level 4 in Fighting
  1343 | D:2      | Noticed Terence
  1347 | D:2      | Reached ** piety under Trog
  1352 | D:2      | Killed Terence
  1352 | D:2      | Reached XP level 4. HP: 40/40 MP: 4/4
  1929 | D:2      | Reached XP level 5. HP: 47/47 MP: 5/5
  2116 | D:2      | Noticed Jessica
  2120 | D:2      | Killed Jessica
  2131 | D:2      | Found a runed door.
  2401 | D:2      | Noticed Robin
  3068 | D:2      | Killed Robin
  3339 | D:2      | Found a burning altar of Makhleb.
  3652 | D:2      | Found a hazy altar of Hepliaklqana.
  3726 | D:2      | Noticed Crazy Yiuf
  3731 | D:2      | Killed Crazy Yiuf
  3731 | D:2      | Reached XP level 6. HP: 55/55 MP: 6/6
  3941 | D:2      | Reached skill level 5 in Fighting
  4351 | D:3      | Reached *** piety under Trog
  5036 | D:3      | Noticed Slobodan's ghost (amateur VSTm)
  5047 | D:3      | Killed Slobodan's ghost
  5047 | D:3      | Reached skill level 5 in Axes
  5047 | D:3      | Reached skill level 5 in Dodging
  5047 | D:3      | Reached skill level 1 in Stealth
  5047 | D:3      | Your scales start taking on a pale cyan-grey colour.
  5047 | D:3      | Reached XP level 7. HP: 61/61 MP: 7/7
  5389 | D:4      | Noticed Blork the orc
  5410 | D:4      | Killed Blork the orc
  5593 | D:4      | Found Odghut's General Store.
  6596 | D:5      | Entered Level 5 of the Dungeon
  6641 | D:5      | Found a radiant altar of Vehumet.
  6695 | D:5      | Reached skill level 6 in Fighting
  6854 | D:5      | Reached XP level 8. HP: 35/70 MP: 8/8
  7398 | D:5      | Reached **** piety under Trog
  7403 | D:5      | Found an ancient bone altar of Kikubaaqudgha.
  7692 | D:5      | Noticed Grinder
  7692 | D:5      | Paralysed by Grinder for 6 turns
  8184 | D:5      | Paralysed by Grinder for 4 turns
  8644 | D:6      | Found Ojyir's Weapon Boutique.
  8655 | D:6      | Reached skill level 7 in Fighting
  8972 | D:6      | Found a staircase to the Ecumenical Temple.
  9175 | Temple   | Entered the Ecumenical Temple
  9519 | D:6      | Noticed a slime creature
  9519 | D:6      | Noticed a slime creature
  9802 | D:7      | Gained mutation: You are resistant to hostile enchantments. (MR+) [potion of mutation]
  9802 | D:7      | Gained mutation: Your muscles are strong. (Str +2) [potion of mutation]
  9802 | D:7      | Gained mutation: You have a pair of small horns on your head. [potion of mutation]
  9803 | D:7      | Lost mutation: Your muscles are strong. (Str +2) [potion of mutation]
  9803 | D:7      | Gained mutation: You are clumsy. (Dex -2) [potion of mutation]
  9803 | D:7      | Gained mutation: You have a pair of horns on your head. [potion of mutation]
  9803 | D:7      | Gained mutation: Your skin changes colour to match your surroundings (Stealth+). [potion of mutation]
  9804 | D:7      | Lost mutation: You are clumsy. (Dex -2) [potion of mutation]
  9804 | D:7      | Lost mutation: You have a pair of horns on your head. [potion of mutation]
  9804 | D:7      | Gained mutation: Your spells are a little easier to cast, but a little less powerful. [potion of mutation]
  9804 | D:7      | Gained mutation: You are robust. (+10% HP) [potion of mutation]
  9810 | D:7      | Found a glowing golden altar of the Shining One.
  9866 | D:7      | Found Efaceam's Antique Weapon Shoppe.
  9873 | D:7      | Reached XP level 9. HP: 79/86 MP: 9/9
  9884 | D:7      | Found a sand-covered staircase.
  9887 | D:7      | Found Uwne's Gadget Shop.
  9893 | Ossuary  | Entered an ossuary
 10484 | D:7      | Reached ***** piety under Trog
 10524 | D:7      | Reached skill level 8 in Fighting
 10957 | D:7      | Found Neofoz's Antique Armour Boutique.
 11219 | D:8      | Found a flagged portal.
 11231 | Bailey   | Entered a bailey
 11465 | Bailey   | Received a gift from Trog
 11470 | Bailey   | Lost mutation: You are resistant to hostile enchantments. (MR+) [potion of mutation]
 11470 | Bailey   | Lost mutation: You have a pair of small horns on your head. [potion of mutation]
 11470 | Bailey   | Gained mutation: Your tail ends in a poisonous barb. [potion of mutation]
 11470 | Bailey   | Gained mutation: You have a pair of small horns on your head. [potion of mutation]
 11470 | Bailey   | Gained mutation: You possess an exceptional clarity of mind. [potion of mutation]
 12050 | Bailey   | Lost mutation: You possess an exceptional clarity of mind. [potion of mutation]
 12050 | Bailey   | Lost mutation: Your tail ends in a poisonous barb. [potion of mutation]
 12050 | Bailey   | Gained mutation: Your muscles are strong. (Str +2) [potion of mutation]
 12050 | Bailey   | Gained mutation: You have a pair of horns on your head. [potion of mutation]
 12177 | D:8      | Noticed Grum
 12189 | D:8      | Killed Grum
 12487 | D:8      | Found a blossoming altar of Fedhas.
 12503 | D:8      | Found a sacrificial altar of Ru.
 12506 | D:8      | Found an ornate altar of the Wu Jian Council.
 12509 | D:8      | Found an iron altar of Okawaru.
 12539 | D:8      | Reached skill level 9 in Fighting
 12546 | D:8      | Reached XP level 10. HP: 100/100 MP: 10/10
 12639 | D:8      | Found a bloodstained altar of Trog.
 12803 | D:8      | Found a glowing silver altar of Zin.
 12987 | D:8      | Noticed Pikel
 12994 | D:8      | Killed Pikel
 13653 | D:9      | Reached skill level 10 in Axes
 14303 | D:9      | Identified the +9 trident of Foolhardiness {pierce, rN+ MP+9} (You found it on level 9 of the Dungeon)
 14383 | D:10     | Entered Level 10 of the Dungeon
 14386 | D:10     | Noticed Paulus's ghost (journeyman FoAK)
 14410 | D:10     | Killed Paulus's ghost
 14410 | D:10     | Reached skill level 10 in Fighting
 14410 | D:10     | Reached skill level 5 in Stealth
 14563 | D:10     | Reached XP level 11. HP: 85/110 MP: 11/11
 14779 | D:10     | Found a staircase to the Lair.
 14795 | D:10     | Received a gift from Trog
 15307 | D:10     | Noticed Maurice
 15367 | D:10     | Killed Maurice
 15617 | D:11     | Noticed a two-headed ogre
 15627 | D:11     | Killed a two-headed ogre
 15802 | D:11     | Noticed Sonja
 15813 | D:11     | Killed Sonja
 16290 | D:11     | Noticed a four-headed hydra
 16743 | D:11     | Reached skill level 11 in Fighting
 16779 | D:11     | Noticed a two-headed ogre
 16849 | Lair:1   | Entered Level 1 of the Lair of Beasts
 16866 | D:10     | Paralysed by a hornet for 2 turns
 17868 | Lair:1   | Lost mutation: You are robust. (+10% HP) [potion of mutation]
 17868 | Lair:1   | Lost mutation: Your muscles are strong. (Str +2) [potion of mutation]
 17868 | Lair:1   | Lost mutation: Your spells are a little easier to cast, but a little less powerful. [potion of mutation]
 17868 | Lair:1   | Lost mutation: Your skin changes colour to match your surroundings (Stealth+). [potion of mutation]
 17868 | Lair:1   | Gained mutation: You are frail. (-10% HP) [potion of mutation]
 17868 | Lair:1   | Gained mutation: Your spells are a little harder to cast, but a little more powerful. [potion of mutation]
 18529 | Lair:1   | Reached XP level 12. HP: 61/100 MP: 12/12
 18817 | Lair:1   | Reached skill level 10 in Dodging
 18821 | Lair:1   | Received a gift from Trog
 19068 | Lair:1   | Reached skill level 12 in Fighting
 19826 | Lair:1   | Identified a scroll of acquirement
 20111 | Lair:1   | Reached XP level 13. HP: 107/107 MP: 12/16
 20112 | Lair:1   | Reached skill level 13 in Fighting
 20112 | Lair:1   | Reached XP level 14. HP: 116/116 MP: 12/18
 20928 | D:11     | Reached skill level 5 in Polearms
 21398 | D:11     | Found a sacrificial altar of Ru.
 24770 | Lair:3   | Reached skill level 14 in Fighting
 24994 | Lair:4   | Found a staircase to the Swamp.
 25769 | Lair:4   | Received a gift from Trog
 26289 | Lair:4   | Found a hole to the Spider Nest.
 28063 | Lair:5   | Found a viscous altar of Jiyva.
 28064 | Lair:5   | Found a staircase to the Slime Pits.
 28236 | Lair:6   | Entered Level 6 of the Lair of Beasts
 28584 | Lair:6   | Reached XP level 15. HP: 125/125 MP: 19/19
 28629 | Lair:6   | Found a burning altar of Makhleb.
 28697 | Lair:6   | Found a gateway to Hell.
 31186 | D:5      | Found a deep blue altar of Sif Muna.
 31607 | D:13     | Found a frozen archway.
 31638 | IceCv    | Entered an ice cave
 31911 | IceCv    | Received a gift from Trog
 32090 | IceCv    | Engulfed by an ice statue's freezing vapour

Vault maps used:
D:1:      matt_arrival_refuge
D:2:      lemuel_coloured_pillars_altar, minmay_tree_intersection,
          makhleb_heckhound_becter, uniq_terence, uniq_robin, uniq_jessica,
          uniq_crazy_yiuf_cottage
D:3:      first_ration, minmay_misc_feat_more_columns, minmay_box_of_dots
D:4:      serial_shops, shop, st_stairs_9, uniq_blork_the_orc
D:5:      lemuel_zombie_altar_kikubaaqudgha, vehumet_crystals,
          marbit_many_paths, uniq_grinder
D:6:      cheibrodos_fertilizer, minmay_temple_entry_poolview, serial_shops,
          shop
D:7:      nicolae_tso_besieged_by_evil, serial_shops, shop,
          nicolae_shop_temple_entry_statues_fountains, nicolae_shop_trees,
          enter_ossuary_3, the_bakery, nicolae_benzene_ring,
          hangedman_minor_gate_pass
D:8:      lemuel_doored_altar, fedhas_altar_1, bloody_trog,
          grunt_temple_overflow_diamond, enter_bailey_3, uniq_pikel, uniq_grum
D:10:     erik_lair_orcish_takeover, lemuel_another_geyser, uniq_maurice
D:11:     st_stairs_5, nicolae_ru_awakened_eye, uniq_sonja
D:12:     zombieorc1_lemuel, minmay_misc_feat_columns, minivault_4
D:13:     enter_trove_0, portal_ice_cave_entry_pillars_2
Temple:   minmay_temple_curvy_loop
Lair:1:   minmay_lair_venomous_thicket, minmay_lair_oklob_chamber
Lair:2:   gammafunk_lair_enchanted_lake, serial_bayou_shore_a, uniq_nergalle
Lair:4:   minmay_swamp_entry_worms, nicolae_spider_entry_orb_guardian,
          lemuel_fruit_tree, serial_bayou_shore_b, serial_bayou_shore_b
Lair:5:   slime_altar_1
Lair:6:   evil_forest, serial_forest, infiniplex_forest_split,
          infiniplex_forest_side_room, infiniplex_forest_clump_curved,
          infiniplex_forest_side_room, infiniplex_forest_straight_2,
          infiniplex_forest_lined_corner
Ossuary:  ossuary_minmay_tomb_2a
Bailey:   bailey_axe_2, bailey
IceCv:    ice_cave_statue_garden_chambered

Skill      XL: |  1  2  3  4  5  6  7  8  9 10 11 12 13 14 15 |
---------------+----------------------------------------------+-----
Dodging        | 3 4 5 6 7 8 9 10 11 12 | 12.2
Fighting       | 4 5 6 7 9 10 11 12 13 14 | 14.9
Axes           | 4 5 7 9 10 12 13 | 13.1
Stealth        | 1 2 3 4 5 6 7 8 |  8.0
Polearms       | 3 4 7 9 |  9.1
Spellcasting   | 2 3 |  3.0

Action                   |  1- 3 |  4- 6 |  7- 9 | 10-12 | 13-15 || total
-------------------------+-------+-------+-------+-------+-------++-------
Melee: Hand axe          |   101 |   188 |     6 |       |       ||   295
       Tailslap          |    10 |    32 |    41 |    47 |    90 ||   220
       War axe           |       |       |   314 |   308 |    61 ||   683
       Headbutt          |       |       |    36 |    66 |   112 ||   214
       Trident           |       |       |       |       |   492 ||   492
       Battleaxe         |       |       |       |       |     5 ||     5
Invok: Berserk           |     2 |     6 |     2 |     7 |     2 ||    19
       Trog's Hand       |       |       |       |     1 |       ||     1
       Brothers in Arms  |       |       |       |       |     2 ||     2
 Abil: Breathe Steam     |       |       |     1 |     3 |     3 ||     7
Evoke: Wand              |       |       |       |     1 |     1 ||     2
  Use: Scroll            |       |       |    12 |    15 |    12 ||    39
       Potion            |       |       |     9 |     4 |     5 ||    18
 Stab: Sleeping          |       |     1 |     8 |    10 |    19 ||    38
       Distracted        |       |       |       |       |     7 ||     7
  Eat: Chunk             |     2 |    18 |    16 |    20 |    16 ||    72
       Ration            |       |       |     3 |     3 |     8 ||    14
Armor: Skin              |    25 |    70 |    98 |    82 |   116 ||   391
Dodge: Dodged            |    84 |   165 |   294 |   287 |   303 ||  1133

Table legend:
 A = Spawn XP
 B = Non-spawn XP
 C = Spawn XP percentage of total XP
 D = Spawn monster count
 E = Non-spawn monster count
 F = Spawn count percentage of total count
 G = Total turns spent on level
                    A         B        C        D         E        F      G
               +---------+---------+-------+---------+---------+-------+---------
         Total |       0 |   69854 |   0.0 |       0 |     584 |   0.0 | 32090
               +---------+---------+-------+---------+---------+-------+---------
           D:1 |       0 |      56 |   0.0 |       0 |      30 |   0.0 |  1352
           D:2 |       0 |     371 |   0.0 |       0 |      37 |   0.0 |  2301
           D:3 |       0 |     404 |   0.0 |       0 |      29 |   0.0 |  1775
           D:4 |       0 |     263 |   0.0 |       0 |      16 |   0.0 |  1883
           D:5 |       0 |     466 |   0.0 |       0 |      23 |   0.0 |  1355
           D:6 |       0 |    1768 |   0.0 |       0 |      38 |   0.0 |  1483
           D:7 |       0 |    1257 |   0.0 |       0 |      30 |   0.0 |   963
           D:8 |       0 |    3067 |   0.0 |       0 |      27 |   0.0 |  1481
           D:9 |       0 |    1670 |   0.0 |       0 |      20 |   0.0 |   915
          D:10 |       0 |    6335 |   0.0 |       0 |      37 |   0.0 |  2404
          D:11 |       0 |    7633 |   0.0 |       0 |      60 |   0.0 |  4000
          D:12 |       0 |    3890 |   0.0 |       0 |      28 |   0.0 |   317
          D:13 |       0 |     529 |   0.0 |       0 |       1 |   0.0 |    39
        Lair:1 |       0 |    7821 |   0.0 |       0 |      38 |   0.0 |  2797
        Lair:2 |       0 |    1818 |   0.0 |       0 |       7 |   0.0 |   552
        Lair:3 |       0 |    3995 |   0.0 |       0 |      18 |   0.0 |  1984
        Lair:4 |       0 |    4983 |   0.0 |       0 |      22 |   0.0 |  1468
        Lair:5 |       0 |    5450 |   0.0 |       0 |      17 |   0.0 |  1109
        Lair:6 |       0 |   15661 |   0.0 |       0 |      48 |   0.0 |  1848
       Ossuary |       0 |     250 |   0.0 |       0 |      16 |   0.0 |   489
        Bailey |       0 |     354 |   0.0 |       0 |      34 |   0.0 |   914
         IceCv |       0 |    1813 |   0.0 |       0 |       8 |   0.0 |   452
               +---------+---------+-------+---------+---------+-------+---------
